Map: 16-Bit LE

Players

fragilis

  • Race: Terran Terran
  • League: Diamond
  • Spawn Location: 1:00

Cheater 1 (Resources) - Winner!

  • Race: Protoss Protoss
  • Spawn Location: 7:00

VOD

Have the link to the VOD?

Description

Time

  • Played on: March 19, 2019, 10:29 a.m.
  • Length: 13:44
Show
View Real Time Build Order
Export as new Build Order

fragilis Terran 

Build Orders: Reaper Expand 

Get SALT Encoding   

  12  0:00  SCV  
  13  0:12  SCV  
  14  0:18  Supply Depot  
  14  0:25  SCV  
  15  0:39  SCV  
  15  0:40  Barracks  
  16  0:45  Refinery  
  16  0:51  SCV  
  17  1:04  SCV  
  18  1:16  SCV  
  19  1:28  Orbital Command  
  19  1:29  Reaper  
  20  1:43  Command Center  
  20  1:51  Supply Depot  
  20  1:55  SCV  
  20  2:00  Refinery  
  21  2:04  Barracks Reactor  
  21  2:08  SCV  
  22  2:20  SCV  
  23  2:24  Factory  
  23  2:33  SCV  
  24  2:42  Marine x2  
  26  2:45  SCV  
  27  2:57  Orbital Command  
  27  3:06  SCV  
  27  3:19  Barracks Tech Lab, Hellion x2, Barracks  
  31  3:20  Starport  
  31  3:27  Bunker  
  31  3:35  SCV x2  
  31  3:41  Hellion x2  
  37  3:48  Stimpack  
  37  3:49  Marine  
  37  3:52  SCV x2  
  40  4:00  Starport Reactor  
  40  4:04  SCV x2, Supply Depot  
  40  4:16  SCV x2  
  42  4:19  Barracks, Barracks Reactor  
  42  4:27  Supply Depot  
  42  4:28  SCV x2  
  44  4:37  Marine  
  43  4:40  SCV x2  
  43  4:41  Widow Mine x2  
  43  4:42  Medivac  
  51  4:51  Supply Depot  
  51  4:52  SCV x2  
  53  4:55  Marine  
  54  5:01  Marine x2  
  52  5:10  Barracks Reactor  
  52  5:11  Engineering Bay x2  
  52  5:13  Marine  
  53  5:15  Supply Depot  
  53  5:19  Widow Mine, Marine x2  
  53  5:20  Widow Mine  
  59  5:27  SCV  
  59  5:28  SCV  
  61  5:31  Marine  
  62  5:38  Supply Depot  
  62  5:44  SCV x2  
  62  5:46  Refinery  
  62  5:47  Medivac x2  
  62  5:48  Marine  
  62  5:49  Widow Mine x2, Marine  
  73  5:50  Refinery, Marine x3  
  77  5:59  Terran Infantry Weapons Level 1  
  77  6:00  Supply Depot  
  77  6:02  Terran Infantry Armor Level 1  
  77  6:07  Marauder, Marine x2  
  77  6:08  Marine  
  81  6:17  Medivac  
  81  6:21  Sensor Tower  
  81  6:23  Marine  
  81  6:24  Widow Mine  
  81  6:25  Marine x3  
  84  6:28  SCV, Marauder  
  84  6:29  SCV  
  91  6:36  Supply Depot  
  91  6:39  Armory  
  91  6:40  Marine  
  91  6:41  SCV  
  91  6:42  Combat Shield  
  91  6:43  Marine  
  91  6:44  Barracks  
  91  6:46  Marine x2  
  96  6:56  Command Center  
  96  7:01  Supply Depot  
  96  7:02  Marine x2  
  96  7:03  Marine  
  96  7:04  SCV  
  100  7:20  Marine x3  
  100  7:22  Medivac x2  
  107  7:25  SCV, Sensor Tower  
  107  7:27  Supply Depot  
  107  7:29  SCV  
  109  7:34  Barracks Tech Lab  
  109  7:37  SCV, Barracks  
  109  7:38  Terran Vehicle Weapons Level 1  
  99  8:03  Terran Infantry Weapons Level 2  
  99  8:04  Terran Infantry Armor Level 2  
  99  8:05  Marine x3  
  90  8:07  Supply Depot, Marauder  
  90  8:08  Marauder  
  90  8:09  Widow Mine, SCV  
  97  8:17  Orbital Command  
  97  8:22  Marine  
  97  8:23  Marine x2  
  100  8:27  Barracks Tech Lab  
  100  8:28  Barracks  
  100  8:29  Marauder  
  100  8:32  Marine  
  100  8:33  Marine  
  104  8:34  SCV x2  
  104  8:37  Supply Depot, Concussive Shells  
  104  8:39  Marine  
  107  8:42  SCV  
  107  8:45  Refinery  
  107  8:46  SCV  
  107  8:47  SCV  
  110  8:54  SCV  
  107  9:07  Marine x4  
  107  9:09  Marauder x3  
  117  9:10  Command Center  
  117  9:15  Supply Depot, Marine  
  115  9:25  Marine x2  
  115  9:30  Marauder x2  
  98  9:51  Marine x2  
  85  9:55  Marine x4  
  85  9:56  Marine x2  
  75  10:05  SCV  
  75  10:06  SCV  
  65  10:09  Marine x2  
  65  10:13  Marine x4  
  65  10:14  Marine x2  
  54  10:17  Widow Mine x2, Medivac x2  
  56  10:23  Terran Infantry Weapons Level 3, Supply Depot  
  56  10:26  Marine  
  56  10:27  Marine  
  55  10:31  Marine x4  
  55  10:32  Marine x2  
  57  10:38  Widow Mine x2  
  59  10:44  Marine  
  59  10:47  Medivac  
  59  10:49  Marauder  
  42  11:17  SCV x2  
  43  11:29  SCV  
  43  11:32  Marine x4  
  43  11:33  Marine x3  
  43  11:36  SCV  
  43  11:38  Orbital Command  
  48  11:43  Marine  
  46  11:58  SCV x2  
  46  11:59  Sensor Tower  
  48  12:06  Barracks Reactor  
  48  12:10  Supply Depot  
  48  12:13  SCV  
  49  12:20  Widow Mine  
  49  12:22  Widow Mine  
  53  12:23  SCV  
  53  12:25  Orbital Command  
  53  12:26  Orbital Command  
  54  12:33  Marine x2  
  54  12:34  Supply Depot, Marine  
  54  12:35  SCV  
  58  12:38  Marauder x2  
  58  12:41  Marauder  
  58  12:43  SCV  
  65  12:47  SCV  
  66  12:51  SCV  
  66  12:52  SCV  
  66  12:53  Sensor Tower  
  66  12:55  SCV  
  69  12:59  SCV  
  69  13:03  SCV  
  69  13:04  SCV  
  72  13:07  Supply Depot  
  72  13:08  SCV  
  72  13:11  SCV  
  74  13:17  SCV x2  
  76  13:20  SCV  
  76  13:23  Marine  
  84  13:30  Command Center  
  88  13:34  Refinery  
Show
View Real Time Build Order
Export as new Build Order

Cheater 1 (Resources) Protoss - Winner!

Build Orders: Zealot Archon 

Get SALT Encoding   

  12  0:00  Probe  
  13  0:13  Probe  
  14  0:20  Pylon  
  14  0:25  Probe  
  15  0:34  Probe  
  15  0:42  Probe  
  16  0:48  Assimilator  
  17  0:50  Gateway  
  17  0:51  Probe  
  18  0:59  Probe, Pylon  
  19  1:07  Probe  
  20  1:18  Probe  
  21  1:31  Probe  
  22  1:39  Zealot  
  24  1:43  Probe  
  25  1:47  Nexus  
  25  1:57  Probe  
  25  1:58  Cybernetics Core  
  26  2:11  Gateway  
  26  2:19  Pylon  
  26  2:22  Zealot  
  28  2:28  Probe  
  29  2:33  Assimilator  
  29  2:35  Warp Gate  
  29  2:40  Probe  
  29  2:42  Adept  
  31  2:52  Probe  
  31  2:58  Probe, Adept  
  31  3:04  Probe  
  34  3:06  Probe  
  34  3:16  Probe  
  35  3:20  Stalker  
  35  3:24  Probe  
  38  3:28  Probe  
  39  3:34  Pylon  
  39  3:36  Probe  
  39  3:41  Probe  
  41  3:46  Adept  
  41  3:48  Probe  
  42  3:50  Robotics Facility  
  42  3:52  Probe  
  45  4:00  Probe x2, Adept  
  48  4:08  Probe  
  49  4:11  Adept  
  49  4:12  Probe  
  49  4:16  Pylon  
  53  4:20  Probe  
  54  4:24  Probe  
  55  4:32  Probe  
  55  4:36  Probe  
  55  4:37  Immortal, Pylon  
  55  4:38  Stalker  
  61  4:44  Probe  
  60  4:48  Probe  
  60  4:49  Stalker  
  60  4:52  Robotics Facility  
  63  4:56  Probe  
  64  5:01  Zealot  
  66  5:08  Forge  
  66  5:09  Stalker  
  68  5:15  Probe  
  68  5:16  Immortal  
  68  5:17  Probe  
  74  5:23  Pylon  
  74  5:26  Twilight Council  
  74  5:27  Sentry  
  74  5:28  Pylon  
  76  5:37  Assimilator  
  76  5:39  Observer, Assimilator  
  76  5:41  Probe, Zealot  
  76  5:42  Photon Cannon  
  80  5:45  Photon Cannon  
  80  5:49  Gateway  
  80  5:54  Zealot  
  80  5:55  Pylon  
  82  5:58  Probe  
  82  5:59  Probe  
  84  6:06  Probe, Templar Archives  
  84  6:07  Probe  
  80  6:14  Probe  
  80  6:15  Probe, Zealot x2  
  84  6:20  Pylon  
  84  6:24  Nexus  
  84  6:25  Probe  
  85  6:29  Probe  
  87  6:35  Stalker, Zealot  
  87  6:37  Probe  
  92  6:41  Probe  
  92  6:43  High Templar  
  92  6:45  Pylon  
  95  6:49  Probe  
  96  6:55  Stalker  
  96  6:58  Zealot  
  100  7:01  Protoss Ground Weapons Level 1  
  100  7:11  Pylon  
  100  7:12  Charge  
  100  7:14  Pylon, Zealot, Forge  
  100  7:15  Zealot  
  104  7:18  High Templar  
  104  7:22  Archon  
  106  7:28  Zealot x2  
  110  7:31  Gateway  
  110  7:37  Probe x2  
  111  7:38  Pylon  
  111  7:39  Probe  
  111  7:40  Protoss Ground Armor Level 1  
  113  7:46  Stalker  
  113  7:48  Stalker  
  113  7:49  Probe x2  
  113  7:50  Zealot  
  107  8:01  Probe  
  107  8:02  Probe  
  108  8:09  Nexus, Sentry  
  108  8:10  Sentry  
  108  8:11  Zealot  
  114  8:13  Probe  
  114  8:16  Probe  
  114  8:17  Pylon  
  116  8:25  Probe, Zealot  
  116  8:26  High Templar, Zealot  
  123  8:28  Probe  
  123  8:32  High Templar  
  126  8:37  Probe, Archon  
  126  8:40  Probe  
  128  8:43  High Templar  
  128  8:45  Zealot  
  128  8:47  Pylon  
  132  8:49  Probe  
  132  8:51  Photon Cannon  
  132  8:53  Probe, Blink  
  132  8:54  Stalker  
  136  9:01  Probe  
  136  9:02  Pylon  
  137  9:03  Pylon  
  137  9:04  Stalker  
  137  9:05  Zealot  
  141  9:13  Immortal  
  141  9:15  Protoss Ground Weapons Level 2  
  141  9:16  Zealot x2  
  149  9:23  Zealot  
  151  9:25  Zealot, Photon Cannon  
  151  9:26  Photon Cannon  
  149  9:36  Stalker, Zealot x2  
  149  9:40  Nexus  
  135  9:45  Zealot  
  135  9:51  Photon Cannon  
  129  9:53  Psionic Storm  
  129  9:54  Pylon, Zealot  
  129  9:56  High Templar  
  129  9:59  Sentry  
  121  10:05  Stalker  
  121  10:06  Immortal, Observer  
  128  10:14  Zealot, Photon Cannon  
  128  10:19  Photon Cannon  
  130  10:22  Adept  
  130  10:26  Stalker  
  130  10:28  Observer, Sentry  
  135  10:34  Stalker  
  139  10:38  Pylon  
  139  10:41  Sentry  
  133  10:42  Stalker  
  133  10:44  Warp Prism  
  133  10:47  Pylon  
  133  10:48  Warp Prism  
  133  10:49  Assimilator  
  129  10:51  Adept  
  129  10:52  Probe  
  129  10:53  Probe x2  
  129  10:54  Probe  
  129  10:55  Pylon  
  125  10:57  High Templar  
  125  10:58  Assimilator  
  113  11:04  Probe, Stalker  
  113  11:05  Adept  
  113  11:06  Probe  
  113  11:08  Assimilator  
  113  11:11  Immortal, Stalker  
  110  11:13  Pylon  
  110  11:16  Photon Cannon  
  108  11:20  Pylon  
  108  11:23  Photon Cannon  
  108  11:25  Immortal  
  116  11:26  Gateway, Stalker  
  116  11:27  Stalker  
  116  11:29  Robotics Facility, Zealot  
  116  11:30  Adept  
  112  11:42  Sentry  
  112  11:44  Zealot  
  112  11:49  Sentry  
  112  11:50  Stalker, Observer  
  112  11:51  Stargate  
  112  11:52  Nexus  
  117  11:54  Forge  
  117  11:57  Photon Cannon  
  117  12:01  Adept  
  117  12:04  High Templar, Immortal  
  117  12:07  Zealot  
  127  12:11  Immortal  
  127  12:13  Robotics Bay, Adept  
  133  12:16  Immortal  
  133  12:20  Gateway, Stalker  
  133  12:22  Stalker, Zealot  
  143  12:24  Archon  
  143  12:31  Photon Cannon  
  143  12:33  Adept  
  143  12:36  Stalker  
  147  12:39  Sentry  
  147  12:40  Adept  
  147  12:42  High Templar  
  147  12:43  Immortal  
  157  12:49  Photon Cannon  
  157  12:53  Zealot  
  157  12:55  Adept  
  157  12:56  Zealot  
  163  12:59  High Templar  
  165  13:08  Stalker  
  165  13:12  Archon  
  167  13:14  Sentry  
  167  13:15  High Templar x2  
  167  13:16  Zealot  
  167  13:17  Assimilator  
  175  13:24  High Templar  
  175  13:25  Pylon  
  175  13:26  Nexus  
  177  13:29  Gateway  
  177  13:31  Sentry  
  177  13:32  Assimilator x2  
  179  13:34  High Templar  
  179  13:36  Stalker  
  165  13:42  Adept  
  165  13:43  Zealot  
Tags
 
Composition
Zealot Archon
League
Diamond
Matchup
PvT
Spawn Locations
Cross Positions
Add a new tag
Caveats
  • Supply blocks, unpowered buildings, or Contaminate may cause inaccurate times.
  • Supply counts are checked every 10 seconds.